AoeStats
← elecfan

Four Lakes

510210875Analyzed
1v1 RM · 3d ago on Sep 30, 2026· 57m 8s· 2 players
Game mode
Random Map
Map size
Tiny (2 player)
Population
200
Speed
Normal
Resources
Standard
Victory
Conquest
Starting age
Dark Age
Ending age
Imperial Age
RankedLock teamsTeams togetherTeam positionsShared explorationLock speedFull tech treeHidden civsTurbo modeCheats
Victory
Defeat
🇺🇸 Danes · United States
1196
+15
🇹🇼 Vietnamese · Taiwan
1174
-15
elecfan
8:13 Loom
10:59 Feudal Age
11:46 Double-Bit Axe
14:16 Wheelbarrow
17:05 Fletching
17:17 Padded Archer Armor
20:30 Gold Mining
23:03 Castle Age
22:32 Scale Barding Armor
22:39 Forging
24:11 Bow Saw
23:37 Crossbowman
24:55 Bloodlines
24:49 Crossbowman
26:02 Hand Cart
27:00 Hand Cart
35:04 Husbandry
38:12 Town Watch
39:18 Bloodlines
39:35 Bodkin Arrow
40:02 Chain Barding Armor
41:04 Thumb Ring
41:36 Light Cavalry
43:07 Light Cavalry
47:01 Imperial Age
Dr.scifly
8:02 Loom
11:01 Feudal Age
11:19 Man-at-Arms
14:15 Scale Mail Armor
14:25 Forging
14:36 Arson
17:04 Fletching
18:49 Padded Archer Armor
26:38 Castle Age
24:32 Double-Bit Axe
25:11 Fishing Lines
26:43 Long Swordsman
27:41 Chain Mail Armor
27:22 Bodkin Arrow
27:01 Elite Skirmisher
27:31 Gambesons
29:03 Leather Archer Armor
29:52 Squires
33:40 Gold Mining
33:40 Stone Mining
33:33 Horse Collar
39:56 Imperial Age
38:26 Iron Casting
41:03 Gillnets
41:32 Bow Saw
41:01 Onager
42:24 Conscription
42:25 Capped Ram
44:42 Ring Archer Armor
44:45 Plate Mail Armor
45:15 Blast Furnace
44:29 Siege Engineers
48:37 Wheelbarrow
48:51 Town Watch
49:31 Ballistics
49:55 Elite Jomsviking
53:31 Heavy Plow
55:46 Hoardings
54:33 Hamask
Connection lost

Rejoining the realm…

Still unreachable

The connection could not be restored.

Session expired

The server has moved on; the page needs a fresh start.